 Dungeon Crawl Stone Soup version 0.30.0-5-g1a98f26d00 (webtiles) character file.

Game seed: 3070057861636441921

113 SnakkuSnakku7 the Trooper (level 4, 0/60 HPs)
             Began as an Armataur Warper on May 8, 2023.
             Slain by a gnoll
             ... wielding a +0 spear
              (3 damage)
             ... on level 2 of the Dungeon.
             The game lasted 00:02:50 (1580 turns).

SnakkuSnakku7 the Trooper (Armataur Warper)         Turns: 1580, Time: 00:02:50

Health: 0/60       AC: 22    Str: 19    XL:     4   Next: 65%
Magic:  6/6        EV:  1    Int: 13    God:
Gold:   81         SH:  2    Dex:  9    Spells: 6/6 levels left

rFire   . . .        a - +0 hand axe
rCold   . . .        o - +0 buckler
rNeg    . . .        b - melded +0 leather armour
rPois   +            (helmet currently unavailable)
rElec   .            (cloak currently unavailable)
rCorr   .            (gloves currently unavailable)
SInv    .            (no barding)
Will    .....        (no amulet)
Stlth   +            k - +5 ring of evasion
HPRegen 0.30/turn    (no ring)
MPRegen 0.10/turn

%: roll
@: tree-form, attractive
A: stationary, stasis, torment immunity, boosted hp, large, rugged brown scales
3, (deformed body), (armoured tail), roll, long tongue, awkward tongue
a: no special abilities


You were on level 2 of the Dungeon.
You were a tree.
You visited 1 branch of the dungeon, and saw 2 of its levels.

You collected 81 gold pieces.

Inventory:

Hand Weapons
 a - a +0 hand axe (weapon)
Missiles
 d - 7 boomerangs of dispersal (quivered)
 e - 4 boomerangs
 m - 4 javelins
Armour
 b - a +0 leather armour (melded)
 o - a +0 buckler (worn)
Jewellery
 k - a +5 ring of evasion (left branch)
Wands
 n - a wand of polymorph (6)
Scrolls
 j - 5 scrolls of identify {unknown}
Potions
 h - a potion of haste {unknown}
 i - 2 potions of attraction
 l - a potion of cancellation {unknown}


   Skills:
 + Level 3.4 Fighting
 + Level 3.0 Axes
 - Level 0.8 Throwing
 - Level 1.2 Armour
 - Level 1.3 Dodging
 - Level 1.7 Spellcasting
 - Level 3.0 Translocations


You had 6 spell levels left.
You didn't know any spells.
Your spell library contained the following spells:

 Spells                   Type           Power      Damage    Failure   Level
 Blink                    Tloc           16%        N/A       14%         2
 Lesser Beckoning         Tloc           16%        N/A       14%         2
 Teleport Other           Tloc           8%         N/A       28%         3
 Sting                    Tmut/Pois      4%         1d3       32%         1
 Vhi's Electric Charge    Tloc/Air       10%        N/A       47%         3
 Manifold Assault         Tloc           8%         N/A       67%         4
 Summon Guardian Golem    Hex/Summ       1%         N/A       69%         3
 Olgreb's Toxic Radiance  Pois           1%         N/A       97%         4
 Alistair's Intoxication  Tmut/Pois      0%         N/A       100%        5
 Orb of Destruction       Conj           0%         9d5       100%        7
 Spellforged Servitor     Conj/Summ      0%         N/A       100%        7


Dungeon Overview and Level Annotations

Branches:
Dungeon (2/15)

Altars:

Shops:
D:1 (


Innate Abilities, Weirdness & Mutations

You are a tree.
Your roots penetrate the ground, keeping you stationary.
You cannot be teleported.
You are immune to unholy pain and torment.
Your maximum health is greatly increased.
Your equipment is partially melded.
(You are completely covered in rugged brown scales. (AC +3, +7% HP))
((Armour fits poorly on your strangely shaped body.))
((You have a long armoured tail.))
You roll when moving toward enemies. (Rampage)
Your long tongue fully drains potion bottles. (2x potion effects)
Your tongue gives you trouble enunciating. (1.5x scroll delay)


Message History

The gnoll is attracted toward you.
You see here a throwing net.
c - a throwing net The gnoll misses you.
Throw: throwing net
Press: ? - help, Shift-Dir - straight line, f - gnoll
Aim: a gnoll, wielding a +0 spear (58% to hit)
You throw a throwing net.
The throwing net closely misses the gnoll.
The gnoll hits you with a +0 spear!
* * * LOW HITPOINT WARNING * * *
The gnoll attacks as you move away! The gnoll barely misses you.
You block the gnoll's attack. The gnoll is attracted toward you.
Okay, then.
Okay, then.
It was a potion of lignification.
You turn into a tree.
Your +0 leather armour melds into your body.
Your roots penetrate the ground.
You slurp down every last drop of the potion of lignification!
The gnoll hits you but does no damage.
You hit the gnoll but do no damage. The gnoll hits you but does no damage.
You hit the gnoll.
The gnoll is moderately wounded.
The gnoll hits you but does no damage.
You closely miss the gnoll.
The gnoll is moderately wounded.
The gnoll hits you with a +0 spear.
* * * LOW HITPOINT WARNING * * *
The gnoll hits you but does no damage.
You hit the gnoll.
The gnoll is severely wounded.
The gnoll hits you with a +0 spear.
* * * LOW HITPOINT WARNING * * *
You barely miss the gnoll.
The gnoll is severely wounded.
The gnoll hits you but does no damage.
You hit the gnoll.
The gnoll is severely wounded.
The gnoll hits you with a +0 spear.
You die...

............# #.#
#.. ............#
#.. #..
............# ###
#.# ......>.....#
###.# #...# #.#.#
#.### ####
#################.#
#§.
#((g♣.............#
#g#
#.#################
#.# #§# #.####.#
#...†§.# ######)#
#.# ###


You could see a gnoll.

Vanquished Creatures
  A gnoll (D:1)
  5 adders (D:2)
  A worm (D:2)
  4 dart slugs
  4 ball pythons
  3 bats (D:1)
  4 endoplasms
  2 giant cockroaches (D:2)
  6 goblins
  3 hobgoblins (D:2)
  A jackal (D:2)
  5 kobolds
  2 quokkas (D:1)
  3 frilled lizards
  6 rats
50 creatures vanquished.

Notes
Turn   | Place    | Note
-------+----------+-------------------------------------------
     0 | D:1      | SnakkuSnakku7 the Armataur Warper began the quest for the
                  | Orb.
     0 | D:1      | Reached XP level 1. HP: 18/18 MP: 3/3
    84 | D:1      | Found Pifulamm's Weapon Shop.
   127 | D:1      | Reached XP level 2. HP: 10/25 MP: 4/4
   499 | D:1      | Reached XP level 3. HP: 18/32 MP: 5/5
  1155 | D:2      | Reached XP level 4. HP: 23/40 MP: 6/6
  1443 | D:2      | Got the Vellum of Poor Excuses
  1578 | D:2      | HP: 2/60 [gnoll/+0 spear (4)]
  1580 | D:2      | Slain by a gnoll

Illustrated notes

Levels and vault maps discovered:
D:1:      amcnicky_arrival_gap_in_the_tavern_cellar, layout_basic, serial_shops,
          shop, patterned_corridor
D:2:      layout_basic, hangedman_decor_points, minmay_vboxes

Skill      XL: |  1  2  3  4 |
---------------+-------------+-----
Fighting       | 2 3 |  3.4
Axes           | 2 3 |  3.0
Throwing       | |  0.8
Armour         | |  1.2
Dodging        | |  1.3
Spellcasting   | |  1.7
Translocations | |  3.0

Action                     |  1- 3 |  4- 6 || total
---------------------------+-------+-------++-------
  Melee: Hand axe          |   148 |    66 ||   214
         Punch             |     1 |       ||     1
         Tailslap          |     9 |     7 ||    16
  Throw: Throwing net      |       |     1 ||     1
  Evoke: Wand              |       |     3 ||     3
    Use: Potion            |       |     3 ||     3
         Scroll            |       |     1 ||     1
 Armour: Leather armour    |    59 |    14 ||    73
         Skin              |       |     5 ||     5
  Dodge: Dodged            |    75 |    51 ||   126
  Block: Buckler           |       |     4 ||     4
